 Dungeon Crawl Stone Soup version 0.24-a0-93-ge1bfdf8 (webtiles) character file.

Game seed: 15351254381832277594

376 MalarOregon the Poker (level 6, -4/47 HPs)
             Began as a Merfolk Fighter on Feb 10, 2019.
             Slain by Joseph
             ... wielding a +0 quarterstaff
              (11 damage)
             ... on level 7 of the Dungeon.
             The game lasted 00:07:01 (2308 turns).

MalarOregon the Poker (Merfolk Fighter)             Turns: 2308, Time: 00:07:02

Health: -4/47      AC:  7    Str: 21    XL:     6   Next: 73%
Magic:  6/6        EV:  7    Int:  9    God:
Gold:   29         SH: 10    Dex: 14    Spells: 5/5 levels left

rFire    . . .     SeeInvis +   a - +0 trident
rCold    . . .     Gourm    .   c - +0 shield
rNeg     . . .     Faith    .   b - +0 scale mail
rPois    .         Spirit   .   (no helmet)
rElec    .         Reflect  .   (no cloak)
rCorr    .         Harm     .   r - +0 pair of gloves
MR       .....                  (no boots)
Stlth    ..........             (no amulet)
HPRegen  0.15/turn              z - ring of see invisible
MPRegen  0.10/turn              g - +3 ring of slaying

@: mighty
A: change form in water, swift swim, stealthy swim
a: no special abilities


You were on level 7 of the Dungeon.
You were not hungry.

You visited 1 branch of the dungeon, and saw 5 of its levels.

You collected 29 gold pieces.

Inventory:

Hand Weapons
 a - a +0 trident (weapon)
Armour
 b - a +0 scale mail (worn)
 c - a +0 shield (worn)
 r - a +0 pair of gloves (worn)
   (You found it on level 3 of the Dungeon)
Jewellery
 g - a +3 ring of slaying (right hand)
   (You found it on level 3 of the Dungeon)
 u - an uncursed ring of ice
   (You found it on level 4 of the Dungeon)
 z - a ring of see invisible (left hand)
   (You found it on level 1 of the Dungeon)
Wands
 p - a wand of polymorph (13)
   (You found it on level 2 of the Dungeon)
Scrolls
 i - 4 scrolls of identify {unknown}
Potions
 h - 2 potions of invisibility {unknown}
 j - a potion of agility {unknown}
 k - 3 potions of curing {@q1}
 l - a potion of heal wounds {unknown}
 m - 2 potions of mutation {unknown}
 n - 2 potions of haste {unknown}
 o - a potion of berserk rage {unknown}
Comestibles
 e - 8 rations {!d}
 s - 4 chunks of flesh


   Skills:
 - Level 3.2 Fighting
 + Level 7.3 Polearms
 - Level 2.1 Armour
 + Level 5.5 Shields


You had 5 spell levels left.
You didn't know any spells.
Your spell library was empty.

Dungeon Overview and Level Annotations

Branches:
Dungeon (4/15)
 Temple: D:4-7

Altars:
Dithmenos
Nemelex Xobeh
Vehumet
Wu Jian

Shops:
D:4 =

Annotations:
D:7 Joseph


Message History

The shadow imp summons a swarm of flies.
You closely miss the shadow imp. You block the shadow imp's attack.
You puncture the shadow imp! The shadow imp gestures at you.
You barely resist. You puncture the shadow imp!
You kill the shadow imp!
Okay, then.
As you read the scroll labeled OXELALUOLOO, it crumbles to dust.
You feel strangely unstable.
It was a scroll of teleportation.
You feel a little less mighty now.
Your surroundings suddenly seem different.
As you read the scroll labeled XOUZXO ANAVE, it crumbles to dust.
You assume a fearsome visage.
Nothing appears to happen.
It was a scroll of fear.
As you read the scroll labeled YMORRU BYSY, it crumbles to dust.
You hear a loud clanging noise!
It was a scroll of noise.
You hear a shout!
Found 19 stones.
You see here 19 stones.
Some of the chunks of flesh in your inventory have rotted away.
Joseph, a Mercenary comes into view.
He is wielding a +0 quarterstaff.
Joseph shouts!
Joseph unwields a +0 quarterstaff.
Joseph wields a +4 hunting sling of freezing.
It is covered in frost.
Joseph shoots a sling bullet.
You block the sling bullet.
You see here a sling bullet.
Unknown command.
Joseph unwields a +4 hunting sling of freezing.
Joseph wields a +0 quarterstaff.
Joseph hits you with a +0 quarterstaff!
* * * LOW HITPOINT WARNING * * *
It was a potion of curing.
You feel better.
You feel very mighty all of a sudden.
You hear the slow hiss of a very distant avalanche of sand.
Joseph hits you with a +0 quarterstaff.
* * * LOW HITPOINT WARNING * * *
Your shield and scale mail prevent you from hitting Joseph.
Joseph says, "I'm happy to see you. And I'll be happy to kill you."
You block Joseph's attack.
You puncture Joseph! You block Joseph's attack.
You impale Joseph!! Joseph hits you but does no damage.
You puncture Joseph! Joseph barely misses you.
You puncture Joseph! You block Joseph's attack.
You puncture Joseph! Joseph hits you with a +0 quarterstaff!
* * * LOW HITPOINT WARNING * * *
You closely miss Joseph. Joseph hits you but does no damage.
You hit Joseph. Joseph hits you with a +0 quarterstaff!
You die...

#..#.# #.#
#.#..#.# #.#
#.#..#.# #.###
#.#..#.# #...#
#.#..#.# ###.#
#.#....# #.#
#.##.#.# #.#
#@##.#######.#
#.@(.....(...#
####.#########
...# #####


You could see Joseph.

Vanquished Creatures
  Prince Ribbit (D:7)
  A hound (D:4)
  4 gnolls (D:3)
  2 adders (D:2)
  2 shadow imps (D:7)
  3 oozes
  A worm (D:2)
  A dart slug (D:1)
  A leopard gecko (D:3)
  4 orcs
  10 bats
  5 goblins
  7 hobgoblins
  4 jackals (D:4)
  2 quokkas
  A ball python (D:2)
  5 frilled lizards
  A jackal skeleton (D:4)
  8 kobolds
  A leopard gecko skeleton (D:4)
  10 rats
74 creatures vanquished.

Notes
Turn   | Place    | Note
-------+----------+-------------------------------------------
     0 | D:1      | MalarOregon the Merfolk Fighter began the quest for the
                  | Orb.
     0 | D:1      | Reached XP level 1. HP: 18/18 MP: 1/1
    72 | D:1      | Reached XP level 2. HP: 23/24 MP: 2/2
   323 | D:1      | Reached skill level 4 in Polearms
   334 | D:1      | Reached XP level 3. HP: 29/29 MP: 3/3
   925 | D:2      | Reached XP level 4. HP: 35/35 MP: 4/4
  1043 | D:2      | Reached skill level 5 in Polearms
  1048 | D:2      | Found an ornate altar of the Wu Jian Council.
  1151 | D:2      | Found a shadowy altar of Dithmenos.
  1355 | D:3      | Found a radiant altar of Vehumet.
  1381 | D:3      | Reached XP level 5. HP: 28/41 MP: 5/5
  2111 | D:4      | Found Isit Nubbo's Jewellery Emporium.
  2189 | D:4      | Reached skill level 6 in Polearms
  2198 | D:4      | Found a sparkling altar of Nemelex Xobeh.
  2200 | D:4      | You fall through a shaft for 3 floors!
  2221 | D:7      | Noticed Prince Ribbit
  2239 | D:7      | Killed Prince Ribbit
  2239 | D:7      | Reached skill level 7 in Polearms
  2239 | D:7      | Reached skill level 5 in Shields
  2239 | D:7      | Reached XP level 6. HP: 17/47 MP: 6/6
  2297 | D:7      | Noticed Joseph
  2308 | D:7      | Slain by Joseph

Levels and vault maps discovered:
D:1:      lemuel_arrival_cross, layout_loops_ring
D:2:      layout_rooms, marbit_many_paths,
          nicolae_dithmenos_through_a_glass_darkly
D:3:      layout_loops_ring, nicolae_overflow_crystal_walls
D:4:      layout_basic, nicolae_overflow_hidden_temple, first_ration,
          serial_shops, nicolae_shop_crystal
D:7:      minmay_cornered_nines, layout_basic, serial_shops,
          nicolae_shop_temple_entry_statues_fountains, enter_ossuary_3,
          uniq_prince_ribbit1, uniq_duvessa, uniq_joseph, uniq_harold

Skill      XL: |  1  2  3  4  5 |
---------------+----------------+-----
Polearms       | 4 5 7 |  7.3
Shields        | 4 5 |  5.5
Fighting       | |  3.2
Armour         | |  2.1

Action                   |  1- 3 |  4- 6 || total
-------------------------+-------+-------++-------
Melee: Trident           |   107 |   169 ||   276
  Use: Scroll            |       |     4 ||     4
       Potion            |       |     3 ||     3
  Eat: Chunk             |       |     5 ||     5
Armor: Scale mail        |    36 |    29 ||    65
Dodge: Dodged            |    29 |    36 ||    65
Block: Shield            |    49 |    63 ||   112

Table legend:
 A = Non-vault XP
 B = Vault XP
 C = Vault XP percentage of total XP
 D = Non-vault monster count
 E = Vault monster count
 F = Vault count percentage of total count
                 A         B        C        D         E       F
            +---------+---------+-------+---------+---------+-------
      Total |     265 |     273 |  50.7 |      72 |       2 |   2.7
            +---------+---------+-------+---------+---------+-------
        D:1 |      36 |       0 |   0.0 |      21 |       0 |   0.0
        D:2 |      65 |       5 |   7.1 |      19 |       1 |   5.0
        D:3 |      89 |       0 |   0.0 |      22 |       0 |   0.0
        D:4 |      53 |       0 |   0.0 |       8 |       0 |   0.0
        D:7 |      22 |     268 |  92.4 |       2 |       1 |  33.3
            +---------+---------+-------+---------+---------+-------
